 Dungeon Sprint DCSS version 0.29-a0-819-g94b489e0ae (webtiles) character file.

Game seed: 17251279043488770453

732 mhtbhm the Unseen (level 8, 0/76 HPs)
             Began as a Kobold Brigand on July 7, 2022.
             Was an Initiate of Dithmenos.
             Slain by an orange demon (5 damage)
             ... summoned by a kobold demonologist
             ... in the Dungeon (Sprint I: "Red Sonja").
             The game lasted 00:00:58 (142 turns).

mhtbhm the Unseen (Kobold Brigand)                   Turns: 142, Time: 00:00:59

Health: 0/76       AC:  3    Str:  8    XL:     8   Next: 3%
Magic:  8/10       EV: 14    Int: 13    God:    Dithmenos [......]
Gold:   419        SH:  0    Dex: 18    Spells: 7/7 levels left

rFire   . . .      SeeInvis .   a - +2 dagger
rCold   . . .      Faith    .   (no shield)
rNeg    . . .      Spirit   .   b - +0 robe
rPois   .          Reflect  .   (no helmet)
rElec   .          Harm     .   c - +0 cloak
rCorr   .          Rampage  .   (no gloves)
Will    .....      NoTele   +   (no boots)
Stlth   ..........              (no amulet)
HPRegen 0.22/turn               (no ring)
MPRegen 0.12/turn               (no ring)

@: berserking, hasted, very quick
A: small, no large weapons, nightstalker 3
a: Renounce Religion


You were in the Dungeon.
You worshipped Dithmenos.
Dithmenos was noncommittal.
You visited 1 branch You collected 419 gold pieces.

Inventory:

Hand Weapons
 a - a +2 dagger (weapon)
Missiles
 d - 12 poisoned darts (quivered)
 e - 3 curare-tipped darts
Armour
 b - a +0 robe (worn)
 c - a +0 cloak (worn)
Wands
 l - a wand of flame (11)
Scrolls
 k - a scroll of blinking
Potions
 f - a potion of curing
 i - 2 potions of magic


   Skills:
 + Level 5.6 Fighting
 + Level 7.0 Short Blades
 + Level 5.5 Throwing
 + Level 1.9 Dodging
 + Level 19.2 Stealth
 * Level 3.3 Invocations


You had 7 spell levels left.
You didn't know any spells.
Your spell library was empty.

Dungeon Overview and Level Annotations

Branches:
Dungeon (1/1)

Altars:
Cheibriados
Dithmenos
Elyvilon
Fedhas
Gozag
Hepliaklqana
Kikubaaqudgha
Makhleb
Nemelex Xobeh
Okawaru
Qazlal
Ru
Sif Muna
Trog
Uskayaw
Vehumet
Wu Jian
Xom
Yredelemnul
Zin
The Shining One
Jiyva
Lugonu

Shops:
D !


Innate Abilities, Weirdness & Mutations

You are small and have problems with some larger weapons.
You are completely attuned to the shadows.


Message History

You closely miss the kobold demonologist.
The kobold demonologist is lightly wounded.
The white imp closely misses you. The iron imp barely misses you.
A red film seems to cover your vision as you go berserk!
You feel yourself moving faster!
You feel mighty! The ufetubus closely misses you. The ufetubus misses you.
The soul eater hits you!
The kobold demonologist gestures wildly while chanting.
The kobold demonologist hits you with a +0 dagger.
Unknown command.
You hit the kobold demonologist.
The kobold demonologist is moderately wounded.
The ufetubus closely misses you. x2
The white imp gestures at you. The puff of frost hits you.
You barely miss the kobold demonologist.
The kobold demonologist is moderately wounded.
The iron imp hits you. The soul eater hits you! The quasit misses you. x2
The quasit closely misses you. The ufetubus completely misses you.
The ufetubus barely misses you.
The kobold demonologist gestures wildly while chanting.
The kobold demonologist hits you but does no damage.
You puncture the kobold demonologist!
The kobold demonologist is heavily wounded.
The white imp gestures at you. The puff of frost misses you.
The puff of frost hits the quasit.
The quasit resists.
The white imp misses you.
You puncture the kobold demonologist!
The kobold demonologist is almost dead.
The ufetubus misses you. The ufetubus hits you.
The quasit closely misses you. x2
The quasit misses you. The soul eater hits you!
* * * LOW HITPOINT WARNING * * *
The iron imp hits you!
* * * LOW HITPOINT WARNING * * *
You completely miss the kobold demonologist.
The kobold demonologist is almost dead.
The kobold demonologist hits you with a +0 dagger.
* * * LOW HITPOINT WARNING * * *
The orange demon stings you from afar.
You die...

###################
..#.)'..#__#..455K#
.)'..#..'..'..#5@3#
#'#####'#__####K55+
..#...#.#### #####
###..##.# __##'#_.+
..†'..._# __##_.#'#
__###+#)# ### ###


You could see a soul eater (summoned), an orange demon (summoned), 2 kobold
demonologists, an iron imp (summoned), a quasit (summoned), 2 white imps and an
ufetubus (summoned).

Vanquished Creatures
  A slime creature (D)
  Sigmund (D)
  A yak (D)
  A floating eye (D)
  An ogre (D)
  A jelly (D)
  Ijyb (D)
7 creatures vanquished.

Notes
Turn   | Place    | Note
-------+----------+-------------------------------------------
     0 | D        | mhtbhm the Kobold Brigand began the quest for the Orb.
     0 | D        | Reached XP level 1. HP: 12/12 MP: 1/1
     2 | D        | Noticed Ijyb
     4 | D        | Killed Ijyb
     5 | D        | Reached skill level 8 in Stealth
     5 | D        | Reached XP level 2. HP: 18/18 MP: 2/2
     5 | D        | Reached XP level 3. HP: 22/22 MP: 3/3
     9 | D        | Noticed an ogre
    11 | D        | Killed an ogre
    12 | D        | Reached skill level 12 in Stealth
    12 | D        | Reached XP level 4. HP: 28/28 MP: 4/4
    12 | D        | Reached XP level 5. HP: 32/32 MP: 5/5
    24 | D        | Noticed Sigmund
    26 | D        | Killed Sigmund
    27 | D        | Reached skill level 5 in Short Blades
    27 | D        | Reached skill level 15 in Stealth
    27 | D        | Reached XP level 6. HP: 39/39 MP: 6/6
    39 | D        | Found an ornate altar of the Wu Jian Council.
    40 | D        | Found a shimmering blue altar of Sif Muna.
    41 | D        | Found a radiant altar of Vehumet.
    46 | D        | Reached skill level 16 in Stealth
    47 | D        | Found a hazy altar of Hepliaklqana.
    47 | D        | Found a stormy altar of Qazlal.
    47 | D        | Found a hide-covered altar of Uskayaw.
    47 | D        | Found a blossoming altar of Fedhas.
    47 | D        | Noticed a yak
    48 | D        | Found Kostronab's Distillery.
    48 | D        | Found a bloodstained altar of Trog.
    48 | D        | Found an opulent altar of Gozag.
    48 | D        | Found a snail-covered altar of Cheibriados.
    49 | D        | Killed a yak
    50 | D        | Reached skill level 5 in Fighting
    50 | D        | Reached skill level 5 in Throwing
    50 | D        | Reached skill level 17 in Stealth
    50 | D        | Reached XP level 7. HP: 44/44 MP: 7/7
    50 | D        | Found an iron altar of Okawaru.
    50 | D        | Found a sparkling altar of Nemelex Xobeh.
    50 | D        | Found a sacrificial altar of Ru.
    50 | D        | Found a glowing silver altar of Zin.
    51 | D        | Found an ancient bone altar of Kikubaaqudgha.
    51 | D        | Found a basalt altar of Yredelemnul.
    51 | D        | Found a glowing golden altar of the Shining One.
    51 | D        | Found a shadowy altar of Dithmenos.
    51 | D        | Found a white marble altar of Elyvilon.
    64 | D        | Became a worshipper of Dithmenos the Shadowed
   110 | D        | Found a burning altar of Makhleb.
   110 | D        | Found a shimmering altar of Xom.
   110 | D        | Noticed a slime creature
   111 | D        | Found a viscous altar of Jiyva.
   111 | D        | Found a corrupted altar of Lugonu.
   113 | D        | Killed a slime creature
   114 | D        | Reached skill level 18 in Stealth
   127 | D        | Noticed a kobold demonologist
   128 | D        | Noticed a kobold demonologist
   131 | D        | Reached skill level 19 in Stealth
   131 | D        | Reached XP level 8. HP: 51/51 MP: 8/10
   134 | D        | Noticed a soul eater
   140 | D        | Noticed an orange demon
   142 | D        | Slain by an orange demon

Illustrated notes

Levels and vault maps discovered:
D:        dungeon_sprint_1 [red_sonja_temple_1, red_sonja_temple_small_1]

Skill      XL: |  1  2  3  4  5  6  7 |
---------------+----------------------+-----
Short Blades   | 3 4 5 6 7 |  7.0
Stealth        | 8 12 15 17 19 | 19.2
Fighting       | 3 4 5 |  5.6
Throwing       | 3 4 5 |  5.5
Invocations    | 3 |  3.3
Dodging        | |  1.9

Action                   |  1- 3 |  4- 6 |  7- 9 || total
-------------------------+-------+-------+-------++-------
Melee: Dagger            |     2 |     3 |    10 ||    15
  Use: Potion            |       |       |     3 ||     3
 Stab: Sleeping          |     2 |     3 |     2 ||     7
Armor: Robe              |       |       |     1 ||     1
Dodge: Dodged            |       |       |    21 ||    21

Table legend: (Time is in decaauts)
 A = Elapsed time spent in this place.
 B = Non-inter-level travel time spent in this place.
 C = Inter-level travel time spent in this place.
 D = Time resting spent in this place.
 E = Time spent auto-exploring this place.
 F = Levels seen in this place.
 G = Mean time per level.
                   A        B        C        D        E       F      G
               +--------+--------+--------+--------+--------+-----+--------+
         Total |    135 |    135 |      0 |      0 |      0 |   1 |  135.0 |
       Dungeon |    135 |    135 |      0 |      0 |      0 |   1 |  135.0 |
               +--------+--------+--------+--------+--------+-----+--------+

Top non-repeatable levels by time:
       D: 135 daAuts
